 Dungeon Crawl Stone Soup version 0.26-a0-1161-g0398aca569 (webtiles) character file.

Game seed: 14087897959141557887

666 Morbidden the Magician (level 7, -15/50 HPs)
             Began as a Demonspawn Fire Elementalist on Dec 28, 2020.
             Was a Follower of Cheibriados.
             Demolished by an ogre
             ... wielding a +0 giant spiked club
              (28 damage)
             ... on level 4 of the Dungeon.
             The game lasted 00:06:35 (5852 turns).

Morbidden the Magician (DsFE)                       Turns: 5852, Time: 00:06:36

Health: -15/50     AC:  7    Str: 11    XL:     7   Next: 31%
Magic:  6/13       EV: 13    Int: 20    God:    Cheibriados [*.....]
Gold:   128        SH:  0    Dex: 15    Spells: 7/15 levels left

rFire    + + .     SeeInvis .   r - staff of earth
rCold    + . .     Faith    .   (no shield)
rNeg     . . .     Spirit   .   a - +0 robe
rPois    .         Reflect  .   h - +2 helmet
rElec    .         Harm     .   (no cloak)
rCorr    .         Rampage  .   (no gloves)
Will     .....                  (no boots)
Stlth    ++........             (no amulet)
HPRegen  0.16/turn              b - ring of protection from cold
MPRegen  0.13/turn              x - ring of protection from fire

@: very slow
A: molten scales 1, fire resistance 1
a: Renounce Religion, Bend Time


You were on level 4 of the Dungeon.
You worshipped Cheibriados.
Cheibriados was aware of your devotion.
You visited 1 branch of the dungeon, and saw 4 of its levels.

You collected 128 gold pieces.

Inventory:

Armour
 a - a +0 robe (worn)
 h - a +2 helmet (worn)
Magical Staves
 r - an uncursed staff of earth (weapon)
Jewellery
 b - a ring of protection from cold (left hand)
 x - a ring of protection from fire (right hand)
Wands
 l - a wand of acid (5)
 q - a wand of polymorph (9)
Scrolls
 c - 2 scrolls of blinking {unknown}
 e - 3 scrolls of identify {unknown}
 f - a scroll of fear {unknown}
 i - a scroll of amnesia {unknown}
 j - 4 scrolls of remove curse {unknown}
 m - a scroll of fog {unknown}
 w - a scroll of teleportation {unknown}
Potions
 d - 3 potions of might {unknown}
 g - a potion of invisibility {unknown}
 k - a potion of mutation {unknown}
 n - a potion of lignification {unknown}
 o - a potion of magic {unknown}
 p - 2 potions of degeneration {unknown}
 s - a potion of curing
 t - 3 potions of flight {unknown}
 u - a potion of berserk rage {unknown}
 v - a potion of heal wounds {unknown}


   Skills:
 * Level 2.1 Fighting
 * Level 2.8 Dodging
 + Level 2.1 Stealth
 + Level 0.4 Unarmed Combat
 * Level 4.5 Spellcasting
 * Level 3.6 Conjurations
 * Level 1.3 Hexes
 * Level 4.1 Fire Magic


You had 7 spell levels left.
You knew the following spells:

 Your Spells              Type           Power        Failure   Level
a - Foxfire               Conj/Fire      80%          2%          1
b - Inner Flame           Hex/Fire       15%          12%         3
z - Sticky Flame          Conj/Fire      20%          24%         4

Your spell library contained the following spells:

 Spells                   Type           Power        Failure   Level
 Conjure Flame            Conj/Fire      20%          8%          3
 Fireball                 Conj/Fire      10%          56%         5


Dungeon Overview and Level Annotations

Branches:
Dungeon (4/15)
 Temple: D:4-7

Altars:
Cheibriados
Dithmenos
Elyvilon
Kikubaaqudgha
Sif Muna
The Shining One

Annotations:
D:4 1 runed translucent door, DungeonDestroyer's ghost, novice GnFi


Innate Abilities, Weirdness & Mutations

You are partially covered in molten scales. (AC +2)
Your flesh is heat resistant. (rF+)


Message History

The ogre hits you with a +0 giant spiked club!!
Casting: Foxfire (safe; 2% risk of failure)
Confirm with . or Enter, or press ? or * to list all spells.
You conjure some foxfire!
The ogre closely misses you.
The foxfire hits the ogre.
The ogre is moderately wounded.
The foxfire hits the ogre.
The ogre is severely wounded.
Casting: Foxfire (safe; 2% risk of failure)
Confirm with . or Enter, or press ? or * to list all spells.
You conjure some foxfire!
The ogre hits you with a +0 giant spiked club!!
* * * LOW HITPOINT WARNING * * *
The foxfire hits the ogre.
The ogre is severely wounded.
The foxfire hits the ogre.
The ogre is almost dead.
The ogre hits you with a +0 giant spiked club!!
Ouch! That really hurt!
You die...

#...# #........ #...#
#.......# #...# #.......#
#...####.......#
#..............#
###...###.###....#
......#.....#....# ##
###...#.>.).#....####...##
................@O........
#####.#.....#..ยง.######...
#..#.....#....#
#..###.###....#
####.............#
.................#
.######.#######.## .#
#...######.# .#
###.##..W#.##


You could see an ogre.

Vanquished Creatures
  Grinder (D:3)
  A phantom (D:4)
  A bullfrog (D:4)
  2 orc wizards (D:4)
  Jessica (D:3)
  Terence (D:3)
  A worker ant (D:4)
  3 gnolls (D:2)
  5 adders
  A shadow imp (D:2)
  4 oozes
  4 worms
  3 dart slugs
  3 leopard geckos
  6 orcs
  4 bats
  6 giant cockroaches
  4 goblins
  9 hobgoblins
  9 kobolds
  3 quokkas
  3 ball pythons
  5 frilled lizards
  7 rats
87 creatures vanquished.

Vanquished Creatures (collateral kills)
  A foxfire (D:1)
1 creature vanquished.

Vanquished Creatures (others)
  A human (D:3)
  452 foxfires
453 creatures vanquished.

Grand Total: 541 creatures vanquished

Notes
Turn   | Place    | Note
-------+----------+-------------------------------------------
     0 | D:1      | Morbidden the Demonspawn Fire Elementalist began the quest
                  | for the Orb.
     0 | D:1      | Reached XP level 1. HP: 13/13 MP: 3/3
   329 | D:1      | Gained mutation: Your flesh is heat resistant. (rF+)
                  | [demonic ancestry]
   329 | D:1      | Reached XP level 2. HP: 8/20 MP: 1/5
  1118 | D:1      | Gained mutation: You are partially covered in molten
                  | scales. (AC +2) [demonic ancestry]
  1118 | D:1      | Reached XP level 3. HP: 15/25 MP: 1/6
  2356 | D:2      | Reached XP level 4. HP: 27/31 MP: 2/7
  2358 | D:2      | Reached skill level 1 in Fighting
  3580 | D:3      | Found a shadowy altar of Dithmenos.
  3609 | D:3      | Reached XP level 5. HP: 30/37 MP: 1/8
  3680 | D:3      | Learned a level 3 spell: Inner Flame
  3715 | D:3      | Noticed Grinder
  3727 | D:3      | Noticed Jessica
  3739 | D:3      | Killed Jessica
  3851 | D:3      | Paralysed by Grinder for 6 turns
  3852 | D:3      | Killed Grinder
  3853 | D:3      | Reached skill level 1 in Hexes
  3853 | D:3      | Reached XP level 6. HP: 26/44 MP: 4/11
  4165 | D:3      | Found an ancient bone altar of Kikubaaqudgha.
  4175 | D:3      | Noticed a human
  4176 | D:3      | Killed a human
  4552 | D:3      | Found a white marble altar of Elyvilon.
  4554 | D:3      | Found a snail-covered altar of Cheibriados.
  4557 | D:3      | Found a shimmering blue altar of Sif Muna.
  4559 | D:3      | Found a glowing golden altar of the Shining One.
  4562 | D:3      | Became a worshipper of Cheibriados the Contemplative
  4618 | D:3      | Noticed Terence
  4637 | D:3      | Killed Terence
  5126 | D:4      | Learned a level 4 spell: Sticky Flame
  5288 | D:4      | Found a runed translucent door.
  5290 | D:4      | Noticed DungeonDestroyer's ghost (novice GnFi)
  5473 | D:4      | Reached XP level 7. HP: 40/49 MP: 3/13
  5581 | D:4      | Reached * piety under Cheibriados
  5852 | D:4      | Demolished by an ogre

Illustrated notes

Levels and vault maps discovered:
D:1:      dpeg_arrival_three_same_balls, layout_basic, serial_forest,
          infiniplex_forest_fountain, infiniplex_forest_straight_2,
          infiniplex_forest_lined_2, infiniplex_forest_lined_room_3,
          infiniplex_forest_clump_long, infiniplex_forest_corner_1,
          infiniplex_forest_lined_room_3, infiniplex_forest_lined_4_way,
          chequers_serial_rivers_micro_a
D:2:      layout_loops_cross, minmay_misc_feat_x
D:3:      layout_basic, minitemple, nicolae_dithmenos_shadow_blocks,
          minmay_misc_feat_cross, tgw_kikubaaqudgha, uniq_grinder, uniq_terence,
          uniq_jessica
D:4:      layout_basic, ebering_ghost_inner_flame, roderic_roman_lattice,
          st_stairs_3, minmay_misc_feat_iff

Skill      XL: |  1  2  3  4  5  6  7 |
---------------+----------------------+-----
Fire Magic     | 3 4 |  4.1
Conjurations   | 2 3 |  3.6
Dodging        | 2 |  2.8
Fighting       | 1 2 |  2.1
Stealth        | 2 |  2.1
Spellcasting   | 3 4 |  4.5
Hexes          | 1 |  1.3
Unarmed Combat | |  0.4

Action                   |  1- 3 |  4- 6 |  7- 9 || total
-------------------------+-------+-------+-------++-------
Melee: Unarmed           |    15 |     5 |       ||    20
       Staff             |       |       |     8 ||     8
 Cast: Foxfire           |    95 |   175 |    22 ||   292
       Inner Flame       |       |     1 |     2 ||     3
Evoke: Wand              |     2 |     1 |       ||     3
Armor: Robe              |    26 |    25 |     2 ||    53
Dodge: Dodged            |    42 |    68 |    12 ||   122

Table legend: (Time is in decaauts)
 A = Elapsed time spent in this place.
 B = Non-inter-level travel time spent in this place.
 C = Inter-level travel time spent in this place.
 D = Time resting spent in this place.
 E = Time spent auto-exploring this place.
 F = Levels seen in this place.
 G = Mean time per level.
                   A        B        C        D        E       F      G
               +--------+--------+--------+--------+--------+-----+--------+
         Total |   6007 |   5785 |    222 |    159 |   4679 |   4 | 1501.8 |
       Dungeon |   6007 |   5785 |    222 |    159 |   4679 |   4 | 1501.8 |
               +--------+--------+--------+--------+--------+-----+--------+

Top non-repeatable levels by time:
     D:1: 1841 daAuts
     D:2: 1678 daAuts
     D:3: 1630 daAuts
     D:4: 856 daAuts
